 Dungeon Crawl Stone Soup version 0.25-a0-513-ge77a69270c (webtiles) character file.

Game seed: 14047774423727209548, levelgen mode: deterministic

7 Eurus the Conjurer (level 1, 0/14 HPs)
             Began as a Mummy Conjurer on Feb 16, 2020.
             Slain by a bat (1 damage)
             ... on level 1 of the Dungeon.
             The game lasted 00:01:06 (264 turns).

Eurus the Conjurer (Mummy Conjurer)                  Turns: 264, Time: 00:01:06

Health: 0/14       AC:  2    Str: 11    XL:     1   Next: 83%
Magic:  0/4        EV: 12    Int: 14    God:
Gold:   0          SH:  0    Dex: 12    Spells: 4/5 levels left

rFire    x . .     SeeInvis .   (no weapon)
rCold    + . .     Gourm    .   (no shield)
rNeg     + + +     Faith    .   a - +0 robe
rPois    ∞         Spirit   .   (no helmet)
rElec    .         Reflect  .   (no cloak)
rCorr    .         Harm     .   (no gloves)
MR       .....                  (no boots)
Stlth    ++........             (no amulet)
HPRegen  0.04/turn              (no ring)
MPRegen  0.09/turn              (no ring)

@: no status effects
A: no food or potions, fire vulnerability, cold resistance 1, negative energy
resistance 3, torment resistance, unbreathing
a: no special abilities


You were on level 1 of the Dungeon.
You were not hungry.

You visited 1 branch of the dungeon, and saw 1 of its levels.

Inventory:

Armour
 a - a +0 robe (worn)
Scrolls
 b - a scroll of enchant weapon {unknown}


   Skills:
 + Level 0.5 Fighting
 - Level 1.5 Dodging
 - Level 1.5 Stealth
 + Level 2.9 Spellcasting
 * Level 3.4 Conjurations


You had 4 spell levels left.
You knew the following spells:

 Your Spells              Type           Power        Failure   Level  Hunger
a - Magic Dart            Conj           ##..         5%          1    N/A

Your spell library contained the following spells:

 Spells                   Type           Power        Failure   Level  Hunger
 Searing Ray              Conj           ##....       8%          2    N/A
 Dazzling Flash           Conj/Hex       #.....       32%         3    N/A
 Fulminant Prism          Conj/Hex       #.........   71%         4    N/A
 Iskenderun's Mystic Bla  Conj/Tloc      #.......     71%         4    N/A

Dungeon Overview and Level Annotations

Branches:
Dungeon (1/15)

Altars:


Innate Abilities, Weirdness & Mutations

You do not eat or drink.
Your flesh is vulnerable to fire.
You are immune to poison.
Your flesh is cold resistant. (rC+)
You are immune to negative energy. (rN+++)
You are immune to unholy pain and torment.
You can survive without breathing.


Message History

Unknown command.
The bat barely misses you.
You barely miss the bat. The bat misses you.
Casting: Magic Dart (safe; 5% risk of failure)
Confirm with . or Enter, or press ? or * to list all spells.
Aiming: Magic Dart (safe; 5% risk of failure)
Press: ? - help, Shift-Dir - straight line, f - bat
Aim: a bat The magic dart hits the bat.
The bat is severely wounded.
The bat barely misses you. The bat barely misses you.
The bat hits you but does no damage. The bat closely misses you.
The bat hits you but does no damage. The bat completely misses you.
The bat hits you.
* * * LOW HITPOINT WARNING * * *
The bat hits you.
You die...

###.........(..
#.'............
#.#............
###.###..........
#.....###........ ##....#
###.....# #....###........
############.###..........
##.......b@†..#.......≈≈≈..
...........#####†'.....≈≈≈≈≈≈≈
....$...........##....≈≈≈≈≈≈≈≈
...........####..#############
...........# ##..............
###.#.###### ##############.
#+#. .. .. ##. #.


You could see a bat.

Vanquished Creatures
  A giant cockroach (D:1)
  4 jackals (D:1)
5 creatures vanquished.

Notes
Turn   | Place    | Note
-------+----------+-------------------------------------------
     0 | D:1      | Eurus the Mummy Conjurer began the quest for the Orb.
     0 | D:1      | Reached XP level 1. HP: 13/13 MP: 4/4
   264 | D:1      | Slain by a bat

Levels and vault maps discovered:
D:1:      nzn_arrival_depleted_hourglass, layout_basic, minmay_cupped

Action                   || total
-------------------------++-------
Melee: Unarmed           ||    14
 Cast: Magic Dart        ||    17
Armor: Robe              ||    16
Dodge: Dodged            ||    47

Table legend:
 A = Non-vault XP
 B = Vault XP
 C = Vault XP percentage of total XP
 D = Non-vault monster count
 E = Vault monster count
 F = Vault count percentage of total count
                 A         B        C        D         E       F
            +---------+---------+-------+---------+---------+-------
      Total |       6 |       4 |  40.0 |       3 |       2 |  40.0
            +---------+---------+-------+---------+---------+-------
        D:1 |       6 |       4 |  40.0 |       3 |       2 |  40.0
            +---------+---------+-------+---------+---------+-------
